Map: Heavy Artillery LE

Players

Fizhstick - Winner!

  • Race: Terran Terran
  • League: Diamond
  • Spawn Location: 7:00

Olma - Winner!

  • Race: Protoss Protoss
  • Spawn Location: 7:00

Massa

  • Race: Terran Terran
  • League: Platinum
  • Spawn Location: 3:00

qqq

  • Race: Zerg Zerg
  • League: Platinum
  • Spawn Location: 1:00

VOD

Have the link to the VOD?

Description

Time

  • Played on: Sept. 26, 2020, 8:05 a.m.
  • Length: 7:03
Show
View Real Time Build Order
Export as new Build Order

Fizhstick Terran - Winner!

Build Orders:  

Get SALT Encoding   

  12  0:00  SCV  
  13  0:12  SCV  
  14  0:18  Supply Depot  
  14  0:25  SCV  
  15  0:40  SCV  
  16  0:43  Barracks  
  16  0:49  Refinery  
  16  0:52  SCV  
  17  1:04  SCV  
  18  1:16  SCV  
  19  1:32  Marine, Command Center  
  20  1:40  Supply Depot  
  20  1:43  SCV  
  21  1:50  Marine  
  22  1:57  SCV  
  23  2:08  Marine  
  24  2:09  SCV  
  25  2:15  Factory  
  25  2:26  Orbital Command, Marine  
  26  2:30  Refinery  
  27  2:47  Barracks Tech Lab  
  27  2:48  Barracks  
  26  2:59  SCV  
  26  3:04  Factory Tech Lab  
  27  3:08  Orbital Command  
  27  3:11  SCV  
  28  3:13  Bunker  
  28  3:23  SCV, Siege Tank  
  32  3:29  Supply Depot  
  33  3:34  SCV  
  33  3:36  SCV  
  34  3:46  SCV, Barracks  
  34  3:48  SCV  
  36  3:50  Barracks Reactor  
  36  3:58  SCV, Combat Shield  
  36  4:00  SCV  
  36  4:02  Siege Tank  
  41  4:12  Refinery, SCV  
  42  4:22  Marine  
  43  4:27  Engineering Bay, Command Center  
  43  4:30  SCV  
  44  4:34  Engineering Bay  
  44  4:36  Marine x3  
  44  4:40  Marauder  
  46  4:54  Marine  
  46  4:56  SCV x2  
  49  5:02  Marauder  
  49  5:05  Terran Infantry Weapons Level 1  
  49  5:06  Terran Infantry Armor Level 1  
  51  5:08  SCV  
  51  5:09  Marine  
  53  5:16  Marine  
  54  5:21  Siege Tank  
  54  5:25  Marine  
  54  5:26  Marauder  
  60  5:32  Marine  
  60  5:34  Marine  
  60  5:39  SCV x2  
  60  5:40  SCV  
  63  5:43  Marine  
  63  5:46  Armory  
  63  5:47  Marauder  
  66  5:50  Refinery  
  66  5:51  SCV x2  
  66  5:52  SCV, Marine  
  70  6:00  Marine  
  70  6:01  Reaper  
  72  6:08  Marauder  
  74  6:20  Marine  
  75  6:26  Marine  
  76  6:33  Marine  
  77  6:40  Marauder  
  74  7:01  Barracks Tech Lab  
Show
View Real Time Build Order
Export as new Build Order

Olma Protoss - Winner!

Build Orders:  

Get SALT Encoding   

  12  0:00  Probe  
  13  0:12  Probe  
  14  0:18  Pylon  
  14  0:25  Probe  
  15  0:40  Gateway  
  15  0:41  Probe (Chrono Boost)  
  16  0:49  Assimilator  
  16  0:52  Probe (Chrono Boost)  
  16  0:56  Probe (Chrono Boost)  
  18  1:07  Probe  
  19  1:19  Probe (Chrono Boost)  
  20  1:26  Pylon  
  20  1:30  Zealot, Cybernetics Core  
  20  1:31  Probe (Chrono Boost)  
  23  1:44  Probe  
  24  1:57  Probe, Zealot (Chrono Boost)  
  27  2:09  Probe  
  28  2:18  Assimilator  
  28  2:19  Stalker (Chrono Boost)  
  30  2:29  Nexus  
  30  2:31  Probe  
  31  2:43  Probe  
  31  2:55  Pylon  
  31  3:00  Pylon  
  31  3:10  Assimilator  
  31  3:13  Probe  
  31  3:16  Stargate  
  32  3:21  Stargate  
  32  3:24  Assimilator  
  32  3:25  Probe  
  33  3:38  Probe (Chrono Boost)  
  33  3:42  Probe (Chrono Boost)  
  35  3:50  Probe (Chrono Boost)  
  35  3:52  Probe (Chrono Boost)  
  35  3:54  Probe (Chrono Boost)  
  35  3:55  Void Ray  
  36  3:57  Probe (Chrono Boost)  
  42  4:04  Probe  
  42  4:08  Void Ray  
  43  4:10  Protoss Air Weapons Level 1  
  43  4:13  Probe (Chrono Boost)  
  43  4:16  Probe (Chrono Boost)  
  50  4:27  Probe (Chrono Boost)  
  50  4:28  Probe (Chrono Boost)  
  51  4:35  Pylon  
  51  4:37  Pylon  
  47  4:45  Void Ray  
  47  4:46  Void Ray  
  55  4:54  Probe (Chrono Boost)  
  55  4:58  Probe (Chrono Boost)  
  57  5:02  Pylon  
  57  5:04  Probe (Chrono Boost)  
  59  5:08  Probe (Chrono Boost)  
  59  5:12  Probe  
  60  5:18  Probe  
  61  5:24  Probe  
  62  5:30  Void Ray x2  
  60  5:38  Stalker  
  70  5:45  Probe x2  
  72  6:07  Void Ray  
  72  6:08  Void Ray, Stalker  
  74  6:13  Probe  
  74  6:14  Probe  
  86  6:49  Pylon  
  86  6:50  Pylon  
  86  6:53  Pylon  
  86  6:58  Nexus  
Show
View Real Time Build Order
Export as new Build Order

Massa Terran 

Build Orders: Gas First Reaper Expand 

Get SALT Encoding   

  12  0:00  SCV  
  13  0:12  SCV  
  14  0:18  Refinery  
  14  0:26  Supply Depot  
  14  0:29  SCV  
  15  0:48  SCV  
  15  0:49  Barracks  
  16  1:00  SCV  
  17  1:12  SCV  
  18  1:24  SCV  
  19  1:36  Reaper  
  19  1:37  Orbital Command  
  20  1:46  Command Center  
  20  2:04  SCV  
  21  2:08  Marine  
  21  2:11  Supply Depot  
  22  2:16  SCV  
  23  2:26  Barracks Reactor  
  23  2:33  SCV  
  23  2:35  Factory  
  24  2:45  SCV  
  25  2:57  SCV  
  26  3:00  Orbital Command  
  26  3:05  Engineering Bay  
  26  3:09  SCV, Engineering Bay  
  27  3:21  SCV  
  27  3:23  Starport  
  28  3:31  Hellion x2, Supply Depot  
  28  3:33  Barracks Tech Lab  
  32  3:38  SCV x2  
  34  3:52  SCV x2  
  34  3:53  Hellion x2  
  40  3:59  Missile Turret  
  40  4:00  Missile Turret  
  40  4:04  SCV x2  
  42  4:12  Marauder  
  42  4:14  Widow Mine x2, Stimpack  
  42  4:16  SCV  
  42  4:17  SCV  
  50  4:33  Marauder  
  46  4:54  Marauder  
  48  5:11  Refinery  
  48  5:16  Barracks, Marauder  
  48  5:18  Factory Tech Lab  
  50  5:25  Missile Turret  
  50  5:26  Missile Turret  
  46  5:40  Marine  
  45  5:43  Cyclone  
  45  5:45  SCV x2  
  45  5:47  Missile Turret  
  50  5:50  Missile Turret  
  50  5:56  Missile Turret  
  50  5:58  Marine  
  50  6:02  Refinery  
  51  6:08  Missile Turret  
  51  6:09  Refinery  
  50  6:17  Supply Depot  
  50  6:18  Supply Depot  
  50  6:19  Supply Depot  
  50  6:20  Supply Depot x3  
  47  6:28  Missile Turret  
  44  6:43  Supply Depot  
  25  7:00  Barracks  
Show
View Real Time Build Order
Export as new Build Order

qqq Zerg 

Build Orders: Hatch First 

Get SALT Encoding   

  12  0:00  Drone  
  13  0:09  Drone  
  14  0:36  Hatchery  
  14  0:40  Drone  
  14  0:58  Spawning Pool  
  14  1:03  Overlord  
  13  1:07  Drone  
  13  1:09  Extractor  
  13  1:14  Drone  
  14  1:26  Drone x2  
  16  1:37  Drone  
  17  1:44  Extractor  
  16  1:49  Drone  
  16  1:51  Drone  
  18  1:58  Drone  
  18  1:59  Drone  
  20  2:10  Drone  
  20  2:12  Drone  
  22  2:23  Queen  
  22  2:26  Queen  
  22  2:27  Overlord  
  22  2:29  Drone  
  27  2:33  Metabolic Boost  
  27  2:37  Zergling x2  
  28  2:47  Drone  
  29  2:52  Zergling x2  
  29  2:57  Drone x3  
  33  3:01  Lair  
  33  3:15  Zergling x2  
  33  3:16  Zergling x2  
  35  3:20  Hatchery  
  35  3:21  Overlord  
  35  3:25  Zergling x2  
  35  3:30  Zergling x2  
  35  3:31  Overlord  
  36  3:39  Zergling x6  
  36  3:40  Zergling x2  
  40  3:41  Zergling x2  
  40  3:43  Zergling x2  
  40  3:46  Zergling x2  
  43  3:51  Zergling x2  
  43  3:53  Drone  
  45  4:07  Zergling x8  
  45  4:08  Drone x3  
  52  4:19  Infestation Pit  
  37  4:49  Drone x5  
  42  4:57  Swarm Host x3  
  51  5:02  Drone x2, Extractor  
  51  5:04  Extractor  
  51  5:05  Queen  
  51  5:06  Drone  
  54  5:13  Overlord  
  54  5:24  Hatchery  
  54  5:25  Drone x2  
  54  5:26  Drone  
  54  5:27  Drone  
  57  5:45  Drone  
  57  5:46  Hydralisk Den, Overlord x2  
  57  5:47  Overlord  
  57  6:00  Drone  
  57  6:01  Nydus Network  
  57  6:02  Drone  
  55  6:09  Spore Crawler  
  54  6:17  Hydralisk x3  
  54  6:18  Hydralisk x2  
  64  6:31  Hydralisk x2  
  68  6:33  Drone, Zergling x2  
  68  6:34  Drone x7  
  68  6:38  Extractor  
Tags
 
Add a new tag
Caveats
  • Supply blocks, unpowered buildings, or Contaminate may cause inaccurate times.
  • Supply counts are checked every 10 seconds.